 Dungeon Crawl Stone Soup version 0.28-a0-172-g787e458d71 (webtiles) character file.

Game seed: 11114772126906249833

277 Anon1729 the Slasher (level 6, -6/55 HPs)
             Began as a Minotaur Monk on Aug 16, 2021.
             Mangled by an ogre (25 damage)
             ... on level 4 of the Dungeon.
             The game lasted 00:03:49 (4313 turns).

Anon1729 the Slasher (Minotaur Monk)                Turns: 4313, Time: 00:03:50

Health: -6/55      AC: 10    Str: 18    XL:     6   Next: 4%
Magic:  5/5        EV:  8    Int:  7    God:
Gold:   184        SH:  0    Dex: 12    Spells: 5/5 levels left

rFire   . . .      SeeInvis .   a - +0 falchion
rCold   . . .      Faith    .   (no shield)
rNeg    . . .      Spirit   .   g - +0 chain mail
rPois   .          Reflect  .   (helmet restricted)
rElec   .          Harm     .   h - +0 cloak
rCorr   .          Rampage  .   (no gloves)
Will    .....                   (no boots)
Stlth   ..........              (no amulet)
HPRegen 0.18/turn               (no ring)
MPRegen 0.09/turn               (no ring)

@: studying Crossbows
A: horns 2, retaliatory headbutt
a: no special abilities


You were on level 4 of the Dungeon.
You visited 1 branch of the dungeon, and saw 4 of its levels.

You collected 184 gold pieces.

Inventory:

Hand Weapons
 a - a +0 falchion (weapon)
Armour
 b - a +0 robe
 d - a +0 leather armour
 g - a +0 chain mail (worn)
 h - a +0 cloak (worn)
Jewellery
 p - a ring of magical power
 q - an amulet of reflection
Wands
 n - a wand of polymorph (14)
Scrolls
 c - 2 scrolls of identify {unknown}
 i - a scroll of amnesia {unknown}
 k - a scroll of silence {unknown}
 m - a scroll of blinking {unknown}
 o - a scroll of magic mapping {unknown}
Potions
 e - a potion of flight {unknown}
 f - a potion of attraction {unknown}
 j - a potion of berserk rage {unknown}
 l - 2 potions of brilliance {unknown}
 r - a potion of curing {unknown}
 s - a potion of cancellation {unknown}


   Skills:
 + Level 4.9 Fighting
 * Level 5.7 Long Blades
 + Level 2.6 Armour
 + Level 4.5 Dodging
 - Level 1.9 Stealth


You had 5 spell levels left.
You didn't know any spells.
Your spell library contained the following spells:

 Spells                   Type           Power      Damage    Failure   Level
 Pain                     Necr           0%         1d4       99%         1
 Corpse Rot               Necr/Air       N/A        N/A       100%        2
 Sublimation of Blood     Necr           0%         N/A       100%        2
 Wereblood                Tmut           0%         N/A       100%        2
 Vampiric Draining        Necr           0%         2d6       100%        3
 Summon Hydra             Summ           0%         N/A       100%        7


Dungeon Overview and Level Annotations

Branches:
Dungeon (4/15)
 Temple: D:4-7

Altars:
Kikubaaqudgha
Qazlal


Innate Abilities, Weirdness & Mutations

You have a pair of horns on your head.
You reflexively headbutt those who attack you in melee.


Message History

The water moccasin skeleton is heavily damaged.
The water moccasin skeleton barely misses you.
You riposte.
You barely miss the water moccasin skeleton.
Your headbutt misses the water moccasin skeleton.
The water moccasin skeleton is heavily damaged.
The water moccasin skeleton closely misses you.
You closely miss the water moccasin skeleton.
The water moccasin skeleton is heavily damaged.
The water moccasin skeleton bites you.
You closely miss the water moccasin skeleton.
The water moccasin skeleton is heavily damaged.
The water moccasin skeleton bites you but does no damage.
You hit the water moccasin skeleton.
You headbutt the water moccasin skeleton!
The water moccasin skeleton is severely damaged.
The water moccasin skeleton bites you but does no damage.
The ogre hits you with a +0 giant spiked club!
You hit the water moccasin skeleton.
The water moccasin skeleton is almost destroyed.
The water moccasin skeleton bites you but does no damage.
The ogre hits you with a +0 giant spiked club.
The water moccasin skeleton bites you but does no damage.
You hit the water moccasin skeleton.
The water moccasin skeleton is almost destroyed.
The water moccasin skeleton bites you but does no damage.
The ogre hits you but does no damage.
You hit the water moccasin skeleton.
You destroy the water moccasin skeleton!
You have reached level 6!
Your experience leads to an increase in your attributes!
Increase (S)trength, (I)ntelligence, or (D)exterity?
You feel stronger.
You hit the ogre.
The ogre is lightly wounded.
The ogre hits you with a +0 giant spiked club!
You slash the ogre! You headbutt the ogre!
The ogre is almost dead.
The ogre hits you with a +0 giant spiked club!!
You die...

#............ #...)........
.#####............
...........?......
..................
.................
.................
.#####...O@................
.................).........
#####.#'##########.........
.. #.# #......... ##
#.####### #.........
#.#.....# #.........
########.#.##.#####.........
....)..................)....
...............<.......)....


You could see an ogre.

Vanquished Creatures
  An ogre (D:3)
  A water moccasin skeleton (D:4)
  A yak skeleton (D:3)
  A killer bee zombie (D:4)
  Robin (D:3)
  3 adders
  A gnoll (D:1)
  An orc skeleton (D:3)
  An adder skeleton (D:3)
  2 worms (D:3)
  2 dart slugs (D:1)
  2 orcs (D:4)
  5 bats
  7 endoplasms
  4 giant cockroaches
  20 goblins
  4 hobgoblins
  A quokka (D:3)
  11 ball pythons
  A frilled lizard (D:1)
  2 goblin zombies (D:3)
  12 kobolds
  6 rats
  A spectral kobold (D:2)
91 creatures vanquished.

Notes
Turn   | Place    | Note
-------+----------+-------------------------------------------
     0 | D:1      | Anon1729 the Minotaur Monk began the quest for the Orb.
     0 | D:1      | Reached XP level 1. HP: 19/19 MP: 0/0
   174 | D:1      | Reached XP level 2. HP: 27/27 MP: 1/1
   390 | D:1      | Reached skill level 4 in Long Blades
   643 | D:1      | Reached XP level 3. HP: 33/33 MP: 2/2
  1302 | D:2      | Reached skill level 1 in Armour
  1660 | D:2      | Reached XP level 4. HP: 27/40 MP: 3/3
  1949 | D:2      | Found a faded altar of an unknown god.
  2027 | D:2      | Became a worshipper of Kikubaaqudgha
  2027 | D:2      | Reached * piety under Kikubaaqudgha
  2027 | D:2      | Received a gift from Kikubaaqudgha
  2027 | D:2      | Reached ** piety under Kikubaaqudgha
  2028 | D:2      | Fell from the grace of Kikubaaqudgha
  2173 | D:3      | Noticed Robin
  2342 | D:3      | Killed Robin
  2452 | D:3      | Found a stormy altar of Qazlal.
  2614 | D:3      | Reached skill level 5 in Long Blades
  2633 | D:3      | Noticed an ogre
  2640 | D:3      | Killed an ogre
  2641 | D:3      | Reached XP level 5. HP: 3/47 MP: 4/4
  3288 | D:3      | Noticed an ogre
  4300 | D:4      | Noticed an ogre
  4312 | D:4      | Reached XP level 6. HP: 29/55 MP: 5/5
  4313 | D:4      | Mangled by an ogre

Illustrated notes

Levels and vault maps discovered:
D:1:      dpeg_arrival_rhombi, layout_loops_ring, amcnicky_mini_corridor_feature
D:2:      layout_loops_ring, dreamdust_ecumenical_altar_drowned_temple
D:3:      layout_basic, grunt_qazlal_sundering, minmay_ogre_servants, uniq_robin
D:4:      layout_basic

Skill      XL: |  1  2  3  4 |
---------------+-------------+-----
Long Blades    | 4 5 |  5.7
Fighting       | 4 |  4.9
Armour         | 1 2 |  2.6
Dodging        | 4 |  4.5
Stealth        | |  1.9

Action                   |  1- 3 |  4- 6 || total
-------------------------+-------+-------++-------
Melee: Falchion          |    78 |   142 ||   220
       Headbutt          |    12 |    33 ||    45
Invok: Renounce Religion |       |     1 ||     1
 Stab: Sleeping          |     1 |       ||     1
Armor: Robe              |     2 |       ||     2
       Leather armour    |     8 |       ||     8
       Chain mail        |    18 |    89 ||   107
Dodge: Dodged            |    45 |    56 ||   101
       Rpst.: Falchion   |     5 |    18 ||    23

Table legend: (Time is in decaauts)
 A = Elapsed time spent in this place.
 B = Non-inter-level travel time spent in this place.
 C = Inter-level travel time spent in this place.
 D = Time resting spent in this place.
 E = Time spent auto-exploring this place.
 F = Levels seen in this place.
 G = Mean time per level.
                   A        B        C        D        E       F      G
               +--------+--------+--------+--------+--------+-----+--------+
         Total |   4345 |   4233 |    112 |    491 |   3159 |   4 | 1086.2 |
       Dungeon |   4345 |   4233 |    112 |    491 |   3159 |   4 | 1086.2 |
               +--------+--------+--------+--------+--------+-----+--------+

Top non-repeatable levels by time:
     D:3: 1606 daAuts
     D:2: 1158 daAuts
     D:1: 1095 daAuts
     D:4: 485 daAuts
